AoeStats
← darador86

Arena

506982582Analyzed
4v4 RM · 18d ago on Sep 16, 2026· 43m 21s· 8 players
Game mode
Random Map
Map size
Large (8 player)
Population
200
Speed
Normal
Resources
Standard
Victory
Conquest
Starting age
Dark Age
Ending age
Imperial Age
RankedLock teamsTeams togetherTeam positionsShared explorationLock speedFull tech treeHidden civsTurbo modeCheats
Victory
Defeat
🇺🇸 Armenians · United States
794
+11
🇺🇸 Hindustanis · United States
772
+12
🇺🇸 Italians · United States
739
+13
🇺🇸 Khmer · United States
656
+16
🇲🇽 Hindustanis · Mexico
710
-14
🇦🇷 Huns · Argentina
699
-14
🇲🇽 Khmer · Mexico
660
-12
🇺🇸 Lithuanians · United States
637
-12
JCarlos9910
1:31 Loom
14:22 Feudal Age
16:40 Double-Bit Axe
17:54 Wheelbarrow
19:44 Horse Collar
darador86
14:04 Feudal Age
14:36 Horse Collar
14:43 Double-Bit Axe
20:56 Castle Age
20:12 Gold Mining
20:13 Stone Mining
22:31 Gold Shaft Mining
29:09 Pikeman
32:56 Husbandry
36:49 Marauders
ironside323437
0:27 Loom
10:25 Feudal Age
11:48 Wheelbarrow
12:04 Horse Collar
12:14 Double-Bit Axe
13:45 Town Watch
20:44 Castle Age
19:13 Gold Mining
21:19 Bloodlines
21:52 Hand Cart
21:38 Town Patrol
22:01 Husbandry
22:32 Light Cavalry
25:14 Fervor
25:27 Scale Barding Armor
26:44 Sanctity
26:34 Heavy Plow
28:43 Chain Barding Armor
28:35 Forging
34:28 Stone Mining
34:51 Bow Saw
37:33 Imperial Age
35:01 Treadmill Crane
36:04 Redemption
37:33 Iron Casting
36:58 Scale Mail Armor
36:49 Fletching
37:00 Padded Archer Armor
37:07 Squires
37:38 Winged Hussar
40:38 Plate Barding Armor
Kan Balam MX
2:22 Loom
10:41 Feudal Age
8:59 Loom
13:32 Wheelbarrow
14:02 Arson
14:55 Double-Bit Axe
15:56 Horse Collar
25:34 Castle Age
24:25 Fletching
26:32 Elite Skirmisher
31:22 Husbandry
33:01 Squires
33:04 Scale Mail Armor
33:14 Forging
40:49 Hand Cart
41:06 Bow Saw
43:09 Thumb Ring
LordSandwichBoss
14:52 Feudal Age
15:13 Horse Collar
15:20 Double-Bit Axe
18:45 Arson
18:49 Man-at-Arms
19:41 Long Swordsman
21:01 Pikeman
29:28 Castle Age
27:29 Scale Mail Armor
27:40 Forging
30:37 Two-Handed Swordsman
31:03 Gambesons
31:18 Squires
34:50 Heavy Plow
35:30 Wheelbarrow
35:18 Champion
36:18 Bow Saw
36:58 Hand Cart
45:33 Imperial Age
SquatchBOSS
13:02 Feudal Age
13:28 Double-Bit Axe
13:26 Horse Collar
16:57 Wheelbarrow
17:59 Stone Mining
18:02 Gold Mining
25:35 Castle Age
26:45 Heavy Plow
26:59 Bow Saw
29:29 Scale Barding Armor
29:25 Scale Mail Armor
29:36 Forging
29:16 Fletching
29:27 Padded Archer Armor
29:52 Tusk Swords
31:17 Chain Mail Armor
31:23 Chain Barding Armor
31:34 Hand Cart
32:55 Bloodlines
32:45 Husbandry
32:06 Light Cavalry
33:27 Iron Casting
32:48 Bodkin Arrow
37:18 Stone Shaft Mining
37:21 Gold Shaft Mining
44:48 Imperial Age
Goth2Boss
13:07 Feudal Age
15:32 Horse Collar
19:54 Wheelbarrow
20:11 Arson
20:19 Fletching
22:54 Forging
22:45 Padded Archer Armor
22:46 Scale Mail Armor
22:37 Double-Bit Axe
28:48 Castle Age
26:48 Stone Mining
26:49 Gold Mining
29:03 Elite Skirmisher
29:48 Squires
29:08 Pikeman
30:08 Hand Cart
29:55 Heavy Plow
30:09 Bow Saw
30:39 Stone Shaft Mining
34:07 Iron Casting
33:28 Bodkin Arrow
33:49 Leather Archer Armor
33:50 Chain Mail Armor
37:23 Silk Road
41:07 Imperial Age
40:05 Masonry
39:51 Murder Holes
40:07 Fortified Wall
40:59 Silk Road
BookishBoss
2:51 Loom
3:24 Loom
11:26 Feudal Age
13:05 Double-Bit Axe
13:02 Horse Collar
13:22 Town Watch
14:59 Wheelbarrow
15:07 Arson
16:33 Gold Mining
16:33 Stone Mining
19:58 Bloodlines
20:38 Man-at-Arms
24:41 Castle Age
24:54 Scale Barding Armor
24:52 Scale Mail Armor
25:41 Bow Saw
27:32 Heavy Plow
27:49 Forging
28:59 Squires
30:14 Town Patrol
29:56 Light Cavalry
33:28 Husbandry
33:53 Murder Holes
34:09 Masonry
34:10 Fortified Wall
36:23 Grand Trunk Road
37:33 Stone Shaft Mining
37:33 Gold Shaft Mining
37:10 Pikeman
37:10 Long Swordsman
42:59 Imperial Age
41:54 Ballistics
Connection lost

Rejoining the realm…

Still unreachable

The connection could not be restored.

Session expired

The server has moved on; the page needs a fresh start.